[Event "Titled Tuesday Blitz March 01 Early 2022"]
[White "Chigaev, Maksim"]
[Black "FGHSMN"]
[WhiteFideId "4108116"]
[WhiteElo "2502"]
[BlackElo "2694"]
[Result "0-1"]
[Round "05"]
[TimeControl "180+1"]
[Date "2022.03.01"]
[WhiteClock "0:00:02"]
[BlackClock "0:00:16"]

1. d4 Nf6 2. c4 d6 3. Nf3 g6 4. Nc3 Bf5 5. Ng5 Bg7 6. e4 Bd7 7. Be2 e5 8. d5 O-O 9. O-O h6 10. Nf3 a5 11. c5 Na6 12. cxd6 cxd6 13. Bxa6 Rxa6 14. a4 Rb6 15. b3 Qe7 16. Ba3 Rc8 17. Rc1 Bg4 18. Re1 Bxf3 19. gxf3 Nh5 20. Nb5 Rxc1 21. Qxc1 Nf4 22. Kh1 Qd7 23. Qe3 Ra6 24. Rg1 Bf8 25. Bc1 Qh3 26. Nc3 Ra8 27. Ne2 Nh5 28. Ng3 Nxg3+ 29. Rxg3 Qf1+ 30. Rg1 Qh3 31. Bd2 h5 32. Rg3 Qf1+ 33. Rg1 Qa6 34. Qc3 b5 35. axb5 Qxb5 36. Qe3 Rb8 37. Kg2 Be7 38. Ra1 Bd8 39. h3 Bb6 40. Qc3 Bd4 41. Qc7 Bxa1 0-1


[Site "https://www.chess.com"]

[Event "Titled Tuesday Blitz March 01 Early 2022"]
[White "Coto Mederos, Michel"]
[Black "Wagner, Dennis"]
[WhiteFideId "3508528"]
[BlackFideId "24650684"]
[WhiteElo "2427"]
[BlackElo "2355"]
[Result "1/2-1/2"]
[Round "05"]
[TimeControl "180+1"]
[Date "2022.03.01"]
[WhiteClock "0:00:08"]
[BlackClock "0:00:08"]

1. d4 Nf6 2. c4 e6 3. Nc3 Bb4 4. e3 O-O 5. Bd3 d5 6. Nf3 dxc4 7. Bxc4 c5 8. O-O b6 9. a3 Bxc3 10. bxc3 Bb7 11. a4 Qc7 12. Bd3 Rd8 13. Qe2 Be4 14. Ba3 Nc6 15. Rfd1 h6 16. dxc5 Na5 17. cxb6 axb6 18. Bb4 Bxd3 19. Rxd3 Rxd3 20. Qxd3 Nc4 21. h3 e5 22. Qe2 Qc6 23. Qc2 Nd5 24. Rd1 Ncxe3 25. fxe3 Nxb4 26. Nxe5 Nxc2 27. Nxc6 Rxa4 28. Rd8+ Kh7 29. Re8 Rc4 30. Nb4 Nxb4 31. cxb4 Rxb4 32. Rb8 Rb2 33. Kh2 Kg6 34. Kg3 Kf6 35. Rb7 Ke6 36. Kf3 h5 37. h4 g6 38. g3 Rb5 39. Ke4 Re5+ 40. Kf4 Rf5+ 41. Ke4 b5 42. Rb6+ Kd7 43. Kd4 Kc7 44. Ra6 Rf3 45. e4 Kd7 46. Rb6 Rxg3 47. Rxb5 Rg4 48. Rb7+ Ke8 49. Rb8+ Ke7 50. Rb7+ Kf6 51. Kd5 Rxh4 52. e5+ Kg7 53. e6 Kf8 54. Rxf7+ Ke8 55. Rg7 Rg4 56. Ke5 h4 57. Kf6 Rf4+ 58. Kg5 Re4 59. Rxg6 h3 60. Rh6 Ke7 61. Kf5 Re3 62. Rh7+ Ke8 63. Kg4 Rxe6 64. Rxh3 Re7 65. Rg3 Kd7 66. Rf3 Re4+ 67. Rf4 Rxf4+ 68. Kxf4 1/2-1/2


[Site "https://www.chess.com"]

[Event "Titled Tuesday Blitz March 01 Early 2022"]
[White "Cruz Ravina, Francisco Javier"]
[Black "Shuvalova, Polina"]
[WhiteFideId "2228939"]
[BlackFideId "24171760"]
[WhiteElo "2501"]
[BlackElo "2355"]
[Result "1/2-1/2"]
[Round "05"]
[TimeControl "180+1"]
[Date "2022.03.01"]
[WhiteClock "0:01:02"]
[BlackClock "0:00:41"]

1. Nf3 Nf6 2. g3 d5 3. Bg2 e6 4. O-O Be7 5. d3 c5 6. Nbd2 Nc6 7. e4 b6 8. Re1 Bb7 9. exd5 Nxd5 10. Ne4 O-O 11. Bd2 Qd7 12. Nc3 Bf6 13. Nxd5 exd5 14. Bc3 d4 15. Bd2 Rfe8 16. Bg5 Bxg5 17. Nxg5 h6 18. Nf3 Rxe1+ 19. Qxe1 Re8 20. Qd2 Nb4 21. a3 Nd5 22. Re1 Rxe1+ 23. Qxe1 Qe7 24. Qxe7 Nxe7 25. Nd2 Bxg2 26. Kxg2 f5 27. Kf3 Kf7 28. Ke2 g5 29. Nc4 Ke6 30. a4 Kd5 31. b3 Nc6 32. Kd2 h5 33. h3 h4 34. gxh4 gxh4 35. f4 Ke6 36. Ke2 Nb4 37. Na3 Nd5 38. Kf3 Nb4 39. Ke2 Kd5 40. Kd2 Ke6 41. Ke2 1/2-1/2


[Site "https://www.chess.com"]

[Event "Titled Tuesday Blitz March 01 Early 2022"]
[White "Csonka, Balazs"]
[Black "Dauner, Benedikt"]
[WhiteFideId "742910"]
[BlackFideId "16225899"]
[WhiteElo "2404"]
[BlackElo "2230"]
[Result "0-1"]
[Round "05"]
[TimeControl "180+1"]
[Date "2022.03.01"]
[WhiteClock "0:00:01"]
[BlackClock "0:01:03"]

1. d4 g6 2. e4 Bg7 3. Nf3 c5 4. dxc5 Na6 5. Bxa6 Qa5+ 6. Bd2 Qxa6 7. Bc3 Nf6 8. e5 Ne4 9. Qd4 Nxc3 10. Nxc3 O-O 11. O-O-O b6 12. Kb1 Rb8 13. Nd5 Bb7 14. Nxe7+ Kh8 15. cxb6 Bxf3 16. gxf3 Rxb6 17. b3 Re6 18. Qxd7 Rxe5 19. Nc6 Re6 20. Nb4 Qa3 21. Nd3 Ra6 22. f4 Qxa2+ 23. Kc1 Bc3 0-1


[Site "https://www.chess.com"]

[Event "Titled Tuesday Blitz March 01 Early 2022"]
[White "Demchenko, Anton"]
[Black "Gabdrakhmanov, Azat"]
[WhiteFideId "4160258"]
[BlackFideId "34189197"]
[WhiteElo "2539"]
[BlackElo "2279"]
[Result "1/2-1/2"]
[Round "05"]
[TimeControl "180+1"]
[Date "2022.03.01"]
[WhiteClock "0:00:13"]
[BlackClock "0:00:11"]

1. e4 c5 2. Nf3 e6 3. d4 cxd4 4. Nxd4 a6 5. Bd3 Nf6 6. O-O d6 7. c4 Be7 8. Nc3 Qc7 9. Qe2 Nbd7 10. f4 O-O 11. Bd2 Re8 12. Rae1 e5 13. Nf5 Bf8 14. Kh1 exf4 15. Bxf4 Ne5 16. Ne3 Be6 17. Bxe5 dxe5 18. Rxf6 gxf6 19. Ncd5 Qd8 20. Rf1 Bg7 21. Rf3 Bxd5 22. Nxd5 Re6 23. Rg3 Rc8 24. h3 b5 25. cxb5 axb5 26. Bxb5 f5 27. exf5 Qxd5 28. fxe6 Qxe6 29. b3 Rc1+ 30. Kh2 Qb6 31. h4 f5 32. Bc4+ Kh8 33. Qe3 Qxe3 34. Rxe3 e4 35. g4 Be5+ 36. Kg2 Rc2+ 37. Kf1 Bd4 38. Re2 Rc1+ 39. Re1 Rxe1+ 40. Kxe1 fxg4 41. h5 g3 42. Kf1 Kg7 43. Kg2 Bf2 44. Bd5 Kf6 45. Bxe4 h6 46. a4 Kg5 47. Bf3 Kf4 48. b4 Ke5 49. b5 Kd6 50. a5 Kc7 51. b6+ Kb8 52. Be2 Kb7 53. Bc4 Be1 54. Bd3 Bxa5 55. Kxg3 Kxb6 56. Kg4 Bd2 57. Kf5 Bg5 58. Kg6 Kc5 59. Bf5 Kb4 60. Bg4 Kc3 61. Bf5 Kd4 62. Be6 Ke3 63. Bf7 Kf2 64. Bg8 Kg3 65. Bh7 Kh4 66. Bg8 Kg3 67. Bh7 Kh4 68. Bg8 Kg3 1/2-1/2


[Site "https://www.chess.com"]

[Event "Titled Tuesday Blitz March 01 Early 2022"]
[White "Derraugh, Geordie"]
[Black "Tologon tegin, Semetei"]
[WhiteFideId "2603950"]
[BlackFideId "13800574"]
[WhiteElo "2116"]
[BlackElo "2258"]
[Result "0-1"]
[Round "05"]
[TimeControl "180+1"]
[Date "2022.03.01"]
[WhiteClock "0:00:04"]
[BlackClock "0:00:33"]

1. e4 e5 2. Nf3 Nc6 3. d4 exd4 4. Bc4 Bc5 5. c3 Nf6 6. cxd4 Bb4+ 7. Bd2 Bxd2+ 8. Nbxd2 d5 9. exd5 Nxd5 10. Qb3 Nce7 11. O-O O-O 12. Rfe1 c6 13. Ne5 Qb6 14. Ndf3 h6 15. Qc2 Bf5 16. Qd2 Rad8 17. Rad1 Bh7 18. Nd3 Nf5 19. Nf4 Nxf4 20. Qxf4 Nd6 21. Bb3 Qb4 22. Ne5 a5 23. Re3 a4 24. a3 Qb5 25. Ba2 Qxb2 26. Rg3 Qxa2 27. Ng4 Bg6 28. Nxh6+ gxh6 29. Qxh6 Nf5 30. Rxg6+ fxg6 31. Qxg6+ Ng7 32. h4 Qxf2+ 33. Kh2 Qxh4+ 34. Kg1 Rxd4 0-1


[Site "https://www.chess.com"]

[Event "Titled Tuesday Blitz March 01 Early 2022"]
[White "Devaev, Alexander"]
[Black "Potapova, Margarita"]
[WhiteFideId "4169395"]
[BlackFideId "14126869"]
[WhiteElo "2185"]
[BlackElo "2209"]
[Result "0-1"]
[Round "05"]
[TimeControl "180+1"]
[Date "2022.03.01"]
[WhiteClock "0:00:09"]
[BlackClock "0:00:04"]

1. d4 Nf6 2. c4 e6 3. Nf3 d5 4. Nc3 dxc4 5. e4 Bb4 6. Qc2 c5 7. dxc5 O-O 8. Bxc4 Bxc5 9. O-O Nc6 10. a3 a6 11. Bg5 h6 12. Bh4 Be7 13. e5 Nd7 14. Bxe7 Qxe7 15. Rfe1 b5 16. Bd3 Bb7 17. Rad1 Rfd8 18. Qe2 Rab8 19. Qe4 Nf8 20. Qg4 Qc7 21. h3 Kh8 22. Qf4 Ng6 23. Bxg6 fxg6 24. Qg3 g5 25. Rd6 Rf8 26. Rxe6 Rxf3 27. Qxf3 Nd4 28. Qg4 Nxe6 29. Qxe6 Rf8 30. f3 Qc5+ 31. Kh1 Qf2 32. Re2 Qg3 33. Ne4 Qf4 34. Qd6 Qc1+ 35. Kh2 Qf4+ 36. Kg1 Qc1+ 37. Kf2 Rc8 38. e6 Bxe4 39. fxe4 Re8 40. e5 Qf4+ 41. Kg1 Qc1+ 42. Kh2 Qf4+ 43. g3 Qf3 44. Rg2 Qf5 45. Qe7 Rxe7 46. Rf2 Qxe6 47. Rf5 Kh7 48. g4 Qg6 49. h4 Qc6 50. h5 Qc2+ 51. Kh3 Qd3+ 52. Rf3 Qxf3+ 53. Kh2 Qxg4 0-1


[Site "https://www.chess.com"]

[Event "Titled Tuesday Blitz March 01 Early 2022"]
[White "Dias, Joao Batista"]
[Black "Mirzanurov, Bulat"]
[WhiteFideId "2108240"]
[BlackFideId "4184521"]
[WhiteElo "1898"]
[BlackElo "2116"]
[Result "1/2-1/2"]
[Round "05"]
[TimeControl "180+1"]
[Date "2022.03.01"]
[WhiteClock "0:01:11"]
[BlackClock "0:00:56"]

1. e4 c5 2. Nf3 d6 3. d4 cxd4 4. Nxd4 Nf6 5. Bd3 e5 6. Nb3 a6 7. Be3 b5 8. O-O Bb7 9. N1d2 Be7 10. Rc1 O-O 11. c4 bxc4 12. Rxc4 Nbd7 13. Qe2 a5 14. Rc2 d5 15. Bc5 Bxc5 16. Nxc5 Nxc5 17. Rxc5 dxe4 18. Nxe4 Nxe4 19. Bxe4 Bxe4 20. Qxe4 f6 21. Qd5+ Qxd5 22. Rxd5 Rfd8 23. Rfd1 Rxd5 24. Rxd5 Rc8 25. g3 a4 26. Rb5 Rc2 27. Rb4 a3 28. bxa3 Rxa2 29. Ra4 Kf7 30. Ra7+ Kg6 31. a4 h5 32. h4 Kf5 33. Rxg7 Rxa4 34. Rh7 Kg4 35. Kg2 e4 36. Rg7+ Kf5 37. Rh7 Kg6 38. Re7 Kf5 39. Rh7 Kg6 40. Re7 Rd4 41. Re8 Kf5 42. Rh8 Kg6 43. Re8 Kg7 44. Re7+ Kh6 45. Re6 Kg6 46. Re8 1/2-1/2


[Site "https://www.chess.com"]

[Event "Titled Tuesday Blitz March 01 Early 2022"]
[White "Djokic, Mihailo"]
[Black "Kukula, Pawel"]
[WhiteFideId "976440"]
[BlackFideId "1115081"]
[WhiteElo "2008"]
[BlackElo "2203"]
[Result "1-0"]
[Round "05"]
[TimeControl "180+1"]
[Date "2022.03.01"]
[WhiteClock "0:02:06"]
[BlackClock "0:00:32"]

1. e4 c5 2. Nf3 Nc6 3. d4 cxd4 4. Nxd4 Nf6 5. Nc3 e5 6. Ndb5 d6 7. Bg5 a6 8. Bxf6 gxf6 9. Na3 b5 10. Nd5 Bg7 11. c3 Ne7 12. Nxe7 Qxe7 13. Nc2 f5 14. a4 Rb8 15. axb5 axb5 16. exf5 Bxf5 17. Ne3 Be6 18. Bd3 O-O 19. Qh5 h6 20. Nf5 Bxf5 21. Qxf5 Rfe8 22. Be4 b4 23. O-O bxc3 24. bxc3 Rbc8 25. Rac1 Qg5 26. Qf3 Rc4 27. g3 Rc5 28. c4 Qf6 29. Qd3 Rec8 30. Rfd1 Bf8 31. Bd5 Kg7 32. Qe4 Qg6 33. Qe2 f5 34. Rb1 R8c7 35. Rb8 e4 36. Qb2+ Qf6 37. Qxf6+ Kxf6 38. Rxf8+ Ke5 39. Re8+ 1-0


[Site "https://www.chess.com"]

[Event "Titled Tuesday Blitz March 01 Early 2022"]
[White "Dobre, Claudiu-Cristian"]
[Black "Polster, Christian"]
[WhiteFideId "1211854"]
[BlackFideId "12965081"]
[WhiteElo "2207"]
[BlackElo "2313"]
[Result "1-0"]
[Round "05"]
[TimeControl "180+1"]
[Date "2022.03.01"]
[WhiteClock "0:01:29"]
[BlackClock "0:00:09"]

1. c4 c5 2. Nf3 Nc6 3. d4 cxd4 4. Nxd4 g6 5. e4 Bg7 6. Be3 Nf6 7. f3 O-O 8. Qd2 d6 9. Nc3 Nxd4 10. Bxd4 Be6 11. Rc1 Nd7 12. Be3 Qa5 13. b3 Rfc8 14. Nd5 Qxd2+ 15. Kxd2 Bxd5 16. exd5 a5 17. g3 Nc5 18. Bh3 Rc7 19. Rhe1 Kf8 20. Bxc5 Rxc5 21. a4 Ra6 22. Bg4 Rb6 23. Kc2 h5 24. Bh3 Be5 25. f4 Bf6 26. g4 hxg4 27. Bxg4 Kg7 28. Rh1 Ra6 29. h4 Ra8 30. h5 Rh8 31. hxg6 Rxh1 32. Rxh1 fxg6 33. Rg1 b6 34. Bf5 g5 35. fxg5 Be5 36. Rh1 Rc7 37. Rh7+ Kg8 38. g6 Bf6 39. Be6+ Kf8 40. Rf7+ Ke8 41. g7 Bxg7 42. Rxg7 1-0


[Site "https://www.chess.com"]

[Event "Titled Tuesday Blitz March 01 Early 2022"]
[White "Dounis, Alexandros"]
[Black "Szpar, Milosz"]
[WhiteFideId "4213238"]
[BlackFideId "1184989"]
[WhiteElo "2195"]
[BlackElo "2447"]
[Result "0-1"]
[Round "05"]
[TimeControl "180+1"]
[Date "2022.03.01"]
[WhiteClock "0:02:23"]
[BlackClock "0:02:32"]

1. Nf3 c5 2. g3 Nc6 3. Bg2 e5 4. c4 Nf6 5. O-O d5 6. cxd5 Nxd5 7. Nc3 Nc7 8. e3 Be7 9. Qe2 O-O 10. Rd1 Bg4 11. h3 Bh5 12. g4 Bg6 13. d4 exd4 14. exd4 cxd4 15. Be3 Ne6 16. Nb5 Bc5 17. Rac1 Qb6 18. Rxc5 dxe3 19. Rdc1 Nxc5 0-1


[Site "https://www.chess.com"]

[Event "Titled Tuesday Blitz March 01 Early 2022"]
[White "Fier, Alexandr"]
[Black "Vetokhin, Ilia"]
[WhiteFideId "2107139"]
[BlackFideId "24156078"]
[WhiteElo "2569"]
[BlackElo "1897"]
[Result "1-0"]
[Round "05"]
[TimeControl "180+1"]
[Date "2022.03.01"]
[WhiteClock "0:01:52"]
[BlackClock "0:00:11"]

1. d4 Nf6 2. c4 g6 3. g3 Bg7 4. Bg2 O-O 5. Nc3 d6 6. Nf3 c5 7. O-O Nc6 8. d5 Na5 9. Nd2 a6 10. Qc2 Rb8 11. b3 b5 12. Rb1 bxc4 13. bxc4 Rxb1 14. Ncxb1 e6 15. Bb2 exd5 16. cxd5 Bd7 17. h3 Qb6 18. Bc3 Be8 19. Rc1 Bd7 20. Na3 Nb7 21. Nac4 Qc7 22. Rb1 Ne8 23. Bxg7 Nxg7 24. Ne4 f5 25. Qb2 fxe4 26. Qxb7 Qxb7 27. Rxb7 Bb5 28. Nxd6 Bxe2 29. Nxe4 Nf5 30. Nxc5 Bc4 31. Ne6 Rc8 32. g4 Nd6 33. Rg7+ Kh8 34. Rd7 Nb5 35. Ng5 Bxa2 36. Rxh7+ Kg8 37. Rd7 a5 38. Be4 Rc1+ 39. Kg2 Bb1 40. Bxb1 Rxb1 41. Rb7 a4 42. d6 Kf8 43. Nh7+ Ke8 44. Nf6+ Kd8 45. Rb8# 1-0


[Site "https://www.chess.com"]

[Event "Titled Tuesday Blitz March 01 Early 2022"]
[White "Freitag, Manfred"]
[Black "Santos Flores, Alberto"]
[WhiteFideId "1602004"]
[BlackFideId "3601234"]
[WhiteElo "2275"]
[BlackElo "2293"]
[Result "0-1"]
[Round "05"]
[TimeControl "180+1"]
[Date "2022.03.01"]
[WhiteClock "0:00:11"]
[BlackClock "0:00:31"]

1. e4 c5 2. Nf3 g6 3. d4 Bg7 4. d5 Nf6 5. Nc3 d6 6. Be2 O-O 7. O-O e6 8. h3 exd5 9. exd5 a6 10. a4 Nbd7 11. Bf4 Qc7 12. Re1 Re8 13. Bf1 Rxe1 14. Qxe1 b6 15. Qe7 Bf8 16. Qe3 Bb7 17. Bc4 Re8 18. Qd3 Qc8 19. Re1 Rxe1+ 20. Nxe1 Ne8 21. Nf3 Bg7 22. Ne4 Ne5 23. Nxe5 dxe5 24. Be3 Qd7 25. b3 h6 26. Nc3 f5 27. f3 Nd6 28. Bxa6 e4 29. fxe4 fxe4 30. Nxe4 Bxa6 31. Qxa6 Nxe4 32. Qxb6 Qxd5 33. a5 Qd1+ 34. Kh2 Be5+ 35. g3 Bxg3+ 36. Kg2 Qe2+ 37. Bf2 Qxf2+ 0-1


[Site "https://www.chess.com"]

[Event "Titled Tuesday Blitz March 01 Early 2022"]
[White "Fus, Jakub"]
[Black "Sjugirov, Sanan"]
[WhiteFideId "1193023"]
[BlackFideId "4189302"]
[WhiteElo "2111"]
[BlackElo "2602"]
[Result "1/2-1/2"]
[Round "05"]
[TimeControl "180+1"]
[Date "2022.03.01"]
[WhiteClock "0:00:06"]
[BlackClock "0:00:18"]

1. e4 c5 2. Be2 Nc6 3. f4 e6 4. Nf3 d5 5. d3 Bd6 6. O-O Nge7 7. c3 O-O 8. Na3 f6 9. Qe1 a6 10. Nc2 b5 11. a4 Rb8 12. axb5 axb5 13. b4 c4 14. dxc4 dxe4 15. Nd2 bxc4 16. Nxe4 Bc7 17. Bxc4 Nd5 18. Nc5 Bb6 19. Ne3 Bxc5 20. bxc5 Nde7 21. f5 Ne5 22. Bxe6+ Bxe6 23. fxe6 Qc8 24. Ba3 Qxe6 25. Qg3 Rb3 26. Bb4 N7c6 27. Rab1 Rxb1 28. Rxb1 Re8 29. Rf1 Ra8 30. Nf5 Ra7 31. Nd4 Qe7 32. Re1 Qd7 33. Nxc6 Nxc6 34. Qf4 Qd5 35. h3 h6 36. Qe4 Qxe4 37. Rxe4 Kf7 38. Kf2 h5 39. Ke3 Ra2 40. Kf3 Ne5+ 41. Kg3 g5 42. h4 gxh4+ 43. Rxh4 Kg6 44. Rd4 Kg5 45. Rd5 Kg6 46. Rd6 Ra8 47. c6 Rc8 48. Bc5 Nxc6 49. Bd4 Nxd4 50. cxd4 Kg5 51. Rd5+ f5 52. Rd7 Rc3+ 53. Kh2 Rd3 54. d5 Rd2 55. d6 f4 56. Kh3 Rd3+ 57. Kh2 Rd2 58. Kh3 Rd1 59. Kh2 Kh4 60. Rd8 Rd2 61. Kg1 f3 62. gxf3 Kg3 63. Rg8+ Kxf3 64. Rg6 h4 65. Rf6+ Kg3 66. Rg6+ Kh3 67. Rf6 Rd5 68. Rg6 Rg5+ 69. Rxg5 1/2-1/2


[Site "https://www.chess.com"]

[Event "Titled Tuesday Blitz March 01 Early 2022"]
[White "Gabrielian, Artur"]
[Black "Kett, Tim"]
[WhiteFideId "4131002"]
[BlackFideId "1801210"]
[WhiteElo "2440"]
[BlackElo "2098"]
[Result "1-0"]
[Round "05"]
[TimeControl "180+1"]
[Date "2022.03.01"]
[WhiteClock "0:00:57"]
[BlackClock "0:00:03"]

1. e4 e5 2. Nc3 d6 3. Nf3 f5 4. d4 fxe4 5. Nxe4 d5 6. Ng3 e4 7. Ne5 Nf6 8. f3 Bd6 9. fxe4 dxe4 10. Bg5 O-O 11. Bc4+ Kh8 12. O-O Qe8 13. Qd2 Bxe5 14. dxe5 Qxe5 15. Qb4 c5 16. Qd2 Nc6 17. Rae1 Be6 18. Bxe6 Qxe6 19. Bxf6 Rxf6 20. Rxf6 Qxf6 21. Nxe4 Qxb2 22. Nxc5 Qxa2 23. Nxb7 a5 24. Nd6 Qa4 25. c3 Qg4 26. Nf7+ Kg8 27. Qd5 h5 28. Nh6+ Kh7 29. Nxg4 1-0


[Site "https://www.chess.com"]

[Event "Titled Tuesday Blitz March 01 Early 2022"]
[White "Gadimbayli, Abdulla"]
[Black "Bodnaruk, Anastasia"]
[WhiteFideId "13404938"]
[BlackFideId "4181751"]
[WhiteElo "2282"]
[BlackElo "2393"]
[Result "1/2-1/2"]
[Round "05"]
[TimeControl "180+1"]
[Date "2022.03.01"]
[WhiteClock "0:00:13"]
[BlackClock "0:00:07"]

1. e4 c5 2. Nf3 d6 3. d4 cxd4 4. Nxd4 Nf6 5. Nc3 a6 6. g3 e5 7. Nf3 h6 8. Bg2 Be7 9. O-O O-O 10. Nh4 Nc6 11. Nf5 Be6 12. Be3 Rc8 13. Re1 b5 14. Nxe7+ Nxe7 15. Nd5 Nfxd5 16. exd5 Bf5 17. c3 Qd7 18. a4 Bh3 19. Bf3 f5 20. axb5 axb5 21. Ra7 Rc7 22. Rxc7 Qxc7 23. Bh1 Qc4 24. Qe2 e4 25. Qxc4 bxc4 26. Rd1 Rb8 27. f3 Rxb2 28. Bf4 exf3 29. Bxf3 Nc8 30. Ra1 g5 31. Be3 Ne7 32. Bd4 Bg4 33. Bg2 f4 34. gxf4 gxf4 35. Be4 f3 36. Ra7 Kf7 37. Ra8 Bh3 38. Ra1 Bg4 39. Rf1 Ke8 40. Bxf3 Bxf3 41. Rxf3 Nxd5 42. Rf5 Ne7 43. Rf6 d5 44. Rxh6 Nf5 45. Rh8+ Kd7 46. Be5 Re2 47. Rh7+ Ke6 48. Bh8 Rc2 49. Ra7 d4 50. cxd4 c3 51. Rc7 Kd5 52. Rc5+ Ke4 53. d5 Rc1+ 54. Kg2 c2 55. Kh3 Nd6 56. Bb2 Rb1 57. Rxc2 Kxd5 58. Rd2+ Ke6 59. Rg2 Nf5 60. Bc3 Rb3 61. Rc2 Ne3 62. Rc1 Nd5 63. Kg3 Nxc3 64. Re1+ Kf5 65. Re3 Ne4+ 66. Kf3 Ng5+ 67. Kf2 Rb2+ 68. Kg1 Kf4 69. Ra3 Nf3+ 70. Kf1 Rb1+ 71. Kf2 Rb2+ 72. Kf1 Nxh2+ 73. Ke1 Nf3+ 74. Kd1 Rd2+ 75. Kc1 Re2 76. Rc3 Ke4 77. Rc2 Re3 78. Kb2 Nd4 79. Rc4 Re2+ 80. Kc3 Kd5 81. Rxd4+ Kc5 82. Rc4+ Kd5 83. Rd4+ Kc5 84. Rd3 Kb5 85. Kd4 Rg2 86. Rb3+ Kc6 87. Rc3+ Kd6 88. Re3 Kc6 89. Rc3+ Kd6 90. Kd3 Kd5 91. Rc2 Rg3+ 92. Kd2 Rg2+ 93. Kc1 Rxc2+ 94. Kxc2 1/2-1/2


[Site "https://www.chess.com"]

[Event "Titled Tuesday Blitz March 01 Early 2022"]
[White "Gelman, Alexander"]
[Black "Ter-Sahakyan, Samvel"]
[WhiteFideId "4118316"]
[BlackFideId "13302531"]
[WhiteElo "2375"]
[BlackElo "2592"]
[Result "1/2-1/2"]
[Round "05"]
[TimeControl "180+1"]
[Date "2022.03.01"]
[WhiteClock "0:00:17"]
[BlackClock "0:00:04"]

1. d4 Nf6 2. Nc3 d5 3. Bf4 c5 4. e3 cxd4 5. exd4 a6 6. Nf3 Nc6 7. Ne5 Bd7 8. Qd2 Rc8 9. f3 e6 10. g4 Qb6 11. Nxc6 Rxc6 12. Na4 Qd8 13. h4 Rc8 14. Nc5 Bxc5 15. dxc5 Rxc5 16. h5 h6 17. O-O-O Qa5 18. Qd4 Rc8 19. Kb1 Qc5 20. Qd2 Bb5 21. Be5 Bxf1 22. Rdxf1 Rg8 23. c3 Nd7 24. Bd4 Qd6 25. Re1 Kd8 26. g5 e5 27. Bf2 hxg5 28. Qxg5+ f6 29. Qe3 Kc7 30. h6 gxh6 31. Rxh6 Rcd8 32. Rh7 Rge8 33. Rd1 Rh8 34. Rg7 Rhg8 35. Rh7 Rh8 36. Rg7 Rdg8 37. Rf7 Rf8 38. Rg7 Rfg8 39. Rf7 Rf8 40. Rg7 Rfg8 1/2-1/2


[Site "https://www.chess.com"]

[Event "Titled Tuesday Blitz March 01 Early 2022"]
[White "Gerbelli Neto, Eduardo"]
[Black "Mikhalsky, Vladimir"]
[WhiteFideId "2103281"]
[BlackFideId "14144352"]
[WhiteElo "2178"]
[BlackElo "2248"]
[Result "0-1"]
[Round "05"]
[TimeControl "180+1"]
[Date "2022.03.01"]
[WhiteClock "0:00:25"]
[BlackClock "0:00:54"]

1. e4 g6 2. Nc3 Bg7 3. f4 c5 4. Nf3 Nc6 5. Bc4 e6 6. f5 gxf5 7. d3 h6 8. O-O Nge7 9. Qe1 b6 10. Nb5 d6 11. exf5 Nxf5 12. Bf4 a6 13. Nc3 O-O 14. g4 Nfd4 15. Qg3 b5 16. Bb3 b4 17. Rf2 bxc3 18. bxc3 Nxf3+ 19. Qxf3 Bb7 20. Raf1 Na5 21. Qe3 Nxb3 22. axb3 Qh4 23. Bxd6 Qxg4+ 24. Bg3 Bxc3 0-1


[Site "https://www.chess.com"]

[Event "Titled Tuesday Blitz March 01 Early 2022"]
[White "Godzwon, Iwo"]
[Black "Mikhnenko, Alexander"]
[WhiteFideId "21802483"]
[BlackFideId "34143014"]
[WhiteElo "2201"]
[BlackElo "2140"]
[Result "1-0"]
[Round "05"]
[TimeControl "180+1"]
[Date "2022.03.01"]
[WhiteClock "0:01:34"]
[BlackClock "0:01:08"]

1. e4 c5 2. Nf3 e6 3. d4 cxd4 4. Nxd4 Nf6 5. Nc3 Nc6 6. Ndb5 Bc5 7. Bf4 O-O 8. Bc7 Qe7 9. Bd6 Bxd6 10. Qxd6 Qd8 11. O-O-O a6 12. Nd4 Ne7 13. f3 b5 14. g4 Ne8 15. Qa3 Rb8 16. Qc5 d6 17. Qa7 Bb7 18. Nb3 Qc7 19. Kb1 Nc6 20. Qe3 Nf6 21. Ne2 a5 22. Ned4 Nxd4 23. Nxd4 Ba6 24. a4 d5 25. Bxb5 Bxb5 26. Nxb5 Qc4 27. b3 Qb4 28. g5 Nd7 29. exd5 Nc5 30. Rd4 Rxb5 31. Rxb4 1-0


[Site "https://www.chess.com"]

[Event "Titled Tuesday Blitz March 01 Early 2022"]
[White "Golubev, Mikhail"]
[Black "Tanenbaum, Zachary"]
[WhiteFideId "14100983"]
[BlackFideId "2060850"]
[WhiteElo "2374"]
[BlackElo "2168"]
[Result "1-0"]
[Round "05"]
[TimeControl "180+1"]
[Date "2022.03.01"]
[WhiteClock "0:00:24"]
[BlackClock "0:00:10"]

1. e4 e5 2. Nf3 Nc6 3. Bb5 a6 4. Ba4 d6 5. c3 Nf6 6. d4 b5 7. Bc2 Be7 8. a3 O-O 9. h3 Bb7 10. O-O Nb8 11. dxe5 dxe5 12. Qxd8 Rxd8 13. Nxe5 Bxe4 14. Bxe4 Nxe4 15. Re1 Nd6 16. Bf4 Bf6 17. Ng4 Nd7 18. Nxf6+ Nxf6 19. Nd2 Kf8 20. Nf3 Nd5 21. Bg3 Nc4 22. Re2 Re8 23. Rc2 f6 24. b3 Nd6 25. Rd1 Ne7 26. Bxd6 cxd6 27. Rxd6 Rec8 28. Nd4 Kf7 29. Re2 Ra7 30. Re3 Rac7 31. Rxa6 Rxc3 32. Rxc3 Rxc3 33. Ra7 Ke8 34. Nxb5 Rxb3 35. Nd6+ Kd8 36. a4 h5 37. a5 Ra3 38. a6 h4 39. Nb5 Ra1+ 40. Kh2 Nc6 41. Ra8+ Kd7 42. a7 Ra5 43. Rg8 Nxa7 44. Rxg7+ Ke6 45. Nxa7 Kf5 46. f3 Ra2 47. Nc6 Rd2 48. Ne7+ Kf4 49. Ng6+ Ke3 50. Nxh4 Kf2 51. Rg4 f5 52. Nxf5 Kf1 53. Ng3+ Kf2 54. Ne4+ Ke1 55. Nxd2 Ke2 56. h4 Kf2 57. h5 Ke2 58. h6 Kf2 59. h7 Ke2 60. h8=Q Ke1 61. Qe8+ Kf2 62. Nf1 Kxf1 63. Re4 Kf2 64. Re2+ Kf1 65. Re1+ Kf2 66. Qe3# 1-0


[Site "https://www.chess.com"]

[Event "Titled Tuesday Blitz March 01 Early 2022"]
[White "Golubka, Petro"]
[Black "Zavivaeva, Emilia"]
[WhiteFideId "14114224"]
[BlackFideId "34127531"]
[WhiteElo "2392"]
[BlackElo "1685"]
[Result "1-0"]
[Round "05"]
[TimeControl "180+1"]
[Date "2022.03.01"]
[WhiteClock "0:01:21"]
[BlackClock "0:01:18"]

1. e4 e5 2. Bc4 Bc5 3. d3 d6 4. Nc3 Nc6 5. Be3 Bxe3 6. fxe3 Nf6 7. Qd2 O-O 8. O-O-O Be6 9. Nf3 Bxc4 10. dxc4 Re8 11. b3 Qd7 12. Kb2 a6 13. a4 Qg4 14. h3 Qg6 15. Nh4 Qh6 16. Nf5 Qg5 17. g4 Ne7 18. h4 Qxg4 19. Nh6+ 1-0


[Site "https://www.chess.com"]

[Event "Titled Tuesday Blitz March 01 Early 2022"]
[White "Gormally, Daniel W"]
[Black "Nakamura, Hikaru"]
[WhiteFideId "406465"]
[BlackFideId "2016192"]
[WhiteElo "2543"]
[BlackElo "2850"]
[Result "0-1"]
[Round "05"]
[TimeControl "180+1"]
[Date "2022.03.01"]
[WhiteClock "0:00:04"]
[BlackClock "0:00:31"]

1. c4 g6 2. Nc3 Bg7 3. g3 d6 4. Bg2 Nc6 5. Nf3 Bd7 6. O-O Qc8 7. d3 Bh3 8. Ng5 Bxg2 9. Kxg2 e5 10. h3 h6 11. Nf3 f5 12. e4 Nge7 13. exf5 Nxf5 14. g4 Nfe7 15. Ne4 O-O 16. Be3 Qe6 17. Nfd2 g5 18. Ng3 Ng6 19. Nf5 Nce7 20. Nxe7+ Qxe7 21. f3 Rf7 22. Qb3 c6 23. Rf2 Qe6 24. Raf1 Raf8 25. Nb1 d5 26. cxd5 cxd5 27. Nc3 Rd7 28. Bc5 Nf4+ 29. Kh2 Rc8 30. Bxa7 b6 31. Qxb6 Qxb6 32. Bxb6 Rb7 33. Be3 Nxd3 34. Rd2 d4 35. Rxd3 Rxb2+ 36. Rf2 dxc3 37. Rxb2 cxb2 38. Rb3 e4 39. f4 Rc3 40. Rb8+ Kh7 0-1


[Site "https://www.chess.com"]

[Event "Titled Tuesday Blitz March 01 Early 2022"]
[White "Goryachkina, Aleksandra"]
[Black "Quirke, Jeffrey"]
[WhiteFideId "4147103"]
[BlackFideId "2013029"]
[WhiteElo "2426"]
[BlackElo "2149"]
[Result "1-0"]
[Round "05"]
[TimeControl "180+1"]
[Date "2022.03.01"]
[WhiteClock "0:01:43"]
[BlackClock "0:00:56"]

1. e4 c6 2. d4 d5 3. Nd2 dxe4 4. Nxe4 Bf5 5. Ng3 Bg6 6. Nf3 e6 7. h4 h6 8. Bd3 Bxd3 9. Qxd3 Nf6 10. Bf4 Qa5+ 11. Bd2 Bb4 12. c3 Be7 13. c4 Qc7 14. O-O-O b5 15. c5 Nbd7 16. Kb1 Rd8 17. Qe2 O-O 18. Ne4 Nxe4 19. Qxe4 Nf6 20. Qe2 Ng4 21. Be3 Rd5 22. Nd2 Nf6 23. g4 Nh7 24. f4 Rfd8 25. g5 hxg5 26. hxg5 Rxd4 27. Bxd4 Rxd4 28. Qh5 1-0


[Site "https://www.chess.com"]